 Dungeon Crawl Stone Soup version 0.17.1-1-g73c8601 (webtiles) character file.

91868 Runnr the Blocker (level 16, -8/92 HPs)
             Began as a Gargoyle Fighter on Jan 2, 2016.
             Was the Champion of Makhleb.
             Mangled by a large abomination (15 damage)
             ... on level 1 of the Abyss.
             The game lasted 01:50:23 (25114 turns).

Runnr the Blocker (Gargoyle Fighter)               Turns: 25114, Time: 01:50:23

Health: -8/92      AC: 26    Str: 25      XL:     16   Next: 4%
Magic:  19/21      EV: 14    Int:  6 (9)  God:    Makhleb [******]
Gold:   2247       SH: 16    Dex: 19      Spells: 2 memorised, 11 levels left

rFire  + + +     SeeInvis .     O - +10 mace "Risitano" {crush, rF+ Dex+7}
rCold  + + .     Rnd*Rage +     L - +2 ring mail {rC+}
rNeg   + . .     SustAt   .     u - +2 shield
rPois  ∞         Gourm    .     (helmet restricted)
rElec  +         Spirit   .     d - +1 cloak {+Inv}
rCorr  +         Warding  .     E - +1 pair of gloves
rMut   .         Rnd*Tele +     J - +1 pair of boots {Stlth+}
MR     +....                    v - amulet of rage
Stlth  ++........               c - ring of teleportation
                                F - +5 ring of strength

@: about to teleport, resistant, somewhat resistant to hostile enchantments,
unstealthy
A: antennae 1, big wings, berserk 1, blurry vision 1, clumsy 1, deformed body,
fire resistance 1, frail 1, low mp 1, negative energy resistance 1, electricity
resistance, weak 1, unbreathing, petrification resistance, rot immunity, AC +11
a: Fly, Minor Destruction, Lesser Servant of Makhleb, Major Destruction, Greater
Servant of Makhleb, Renounce Religion, Evoke Berserk Rage, Evoke Invisibility,
Evoke Teleportation


You were on level 1 of the Abyss.
You worshipped Makhleb.
Makhleb was exalted by your worship.
You were not hungry.

You visited 4 branches of the dungeon, and saw 25 of its levels.
You visited the Abyss 1 time.
You also visited: Sewer and Ice Cave.

You collected 2791 gold pieces.
You spent 544 gold pieces at shops.

Inventory:

Hand Weapons
 O - the +10 mace "Risitano" (weapon) {crush, rF+ Dex+7}
   (You found it on level 9 of the Dungeon)

   It inflicts extra damage upon your enemies.
   It affects your dexterity (+7).
   It protects you from fire.
Armour
 d - a +1 cloak of invisibility (worn)
 u - a +2 shield (worn)
 E - a +1 pair of gloves (worn)
 J - a +1 pair of boots of stealth (worn)
 L - a +2 ring mail of cold resistance (worn)
Jewellery
 c - a ring of teleportation (right hand)
 v - an amulet of rage (around neck)
 w - an uncursed ring of positive energy
 F - a +5 ring of strength (left hand)
Wands
 b - a wand of teleportation (2)
 o - a wand of magic darts (12)
 D - a wand of slowing (48)
 R - a wand of digging (11)
Scrolls
 j - a scroll of brand weapon
 l - 3 scrolls of enchant weapon
 r - 6 scrolls of teleportation
 y - 5 scrolls of fog
 A - a scroll of immolation
 G - a scroll of blinking
 H - 7 scrolls of remove curse
 I - a scroll of torment
 T - a scroll of magic mapping
 U - 3 scrolls of summoning {unknown}
 V - a scroll of recharging
 W - 3 scrolls of amnesia
 X - 5 scrolls of vulnerability
 Z - a scroll of noise {unknown}
Potions
 a - a potion of haste
 f - a potion of resistance
 g - 5 potions of flight
 h - 3 potions of invisibility
 m - 4 potions of curing
 t - 5 potions of lignification
 B - 2 potions of agility
 C - a potion of magic
 K - 4 potions of berserk rage
 S - 3 potions of might
 Y - 3 potions of brilliance
Miscellaneous
 N - a lamp of fire
Comestibles
 e - 9 bread rations
 i - 9 slices of pizza
 q - 14 meat rations
 s - 6 fruits
 x - 6 beef jerkies


   Skills:
 + Level 12.7 Fighting
   Level 7.4(10.8) Axes
 - Level 13.2(14.0) Maces & Flails
 + Level 13.4 Armour
 + Level 4.5 Dodging
 + Level 13.5 Shields
 - Level 10.8 Invocations
 - Level 2.5 Evocations


You had 11 spell levels left.
You knew the following spells:

 Your Spells              Type           Power        Failure   Level  Hunger
a - Repel Missiles        Chrm/Air       #.....       94%         2    ###....
b - Swiftness             Chrm/Air       #.......     94%         2    ###....


Dungeon Overview and Level Annotations

Branches:
Dungeon (13/15)            Temple (1/1) D:5            Lair (8/8) D:9
 Shoals (0/4) Lair:4        Snake (0/4) Lair:5        Slime (0/6) Lair:8
    Orc (4/4) D:9             Elf (0/3) Orc:3        Vaults (0/5) D:13

Altars:
Ashenzari
Cheibriados
Dithmenos
Elyvilon
Fedhas
Gozag
Kikubaaqudgha
Makhleb
Nemelex Xobeh
Okawaru
Qazlal
Ru
Sif Muna
Trog
Vehumet
Xom
Yredelemnul
Zin
The Shining One
Beogh
Jiyva
Lugonu

Shops:
D:4 *   D:9 =([   Orc:1 }   Orc:4 ([[*}

Annotations:
Lair:3 exclusion: oklob plant


Innate Abilities, Weirdness & Mutations

You are resistant to torment.
Your stone body is resilient (AC +11).
You are immune to poison.
Your large and strong wings let you fly indefinitely.
You resist negative energy.
You are resistant to electric shocks.
You can survive without breathing.
You are immune to petrification.
You are immune to rotting.
You have a pair of small antennae on your head.
Armour fits poorly on your strangely shaped body.
Your flesh is heat resistant.
You are frail (-10% HP).
[You tend to lose your temper in combat.]
[Scrolls take you a little longer to read.]
[You are clumsy. (Dex -2)]
[Your magical capacity is low (-10% MP).]
[You are weak. (Str -2)]


Message History

You feel somewhat more hungry.
The angel throws a stone.
The stone hits you but does no damage. You block the orange demon's attack.
The angel throws a stone.
You block the stone.
Drink which item? (? for menu, Esc to quit)
You feel protected.
The angel throws a stone.
The stone hits you but does no damage. The orange demon barely misses you.
Drink which item? (? for menu, Esc to quit)
You feel better.
The angel throws a stone.
The stone hits you!
* * * LOW HITPOINT WARNING * * *
The orange demon closely misses you.
The angel throws a stone.
You block the stone.
The angel throws a stone.
You block the stone.
You see here 2 stones.
Found a plate armour.
A large abomination comes into view.
The naga warrior hits you from afar with a trident!
* * * LOW HITPOINT WARNING * * *
You block the orange demon's attack. The large abomination hits you!
You die...

. . .... . ..
.# #. . ...#
## ... .# . .
...#...##
.##.#
........#..#..
....# >...
...#§
....#....###
.. # ... #.
.......§. .
..#.#. ##X#..#
......
NN#§.#..@#.§
..
.#.§.N4##....#
. .
##.##.#{{.#..#
. ###..
#..###X.# .[.#
. #...#
####4..#.# ###
... #
#.(#.#.## .
...
###.X..#..# .
#∩.......#§
§#.##.# .# ..
.. ...# .# #


You could see a naga warrior, an orange demon and a large abomination.

Vanquished Creatures
  A tentacled starspawn (Abyss:1)
  Gastronok (D:12)
  2 very ugly things (Abyss:1)
  An ophan (Abyss:1)
  2 salamander stormcallers (Abyss:1)
  An eidolon (Abyss:1)
  Snorg (D:13)
  A fire dragon (Lair:2)
  A death knight (Abyss:1)
  Fannar (D:12)
  Harold (Orc:2)
  Erolcha (D:8)
  6 hydras
  A rakshasa (Abyss:1)
  A centaur warrior (D:13)
  A thrashing horror (Abyss:1)
  2 tengu warriors (D:13)
  3 orc high priests (Orc:4)
  4 death yaks (Lair:7)
  Sonja (Orc:2)
  Nergalle (Lair:3)
  A fire crab (Lair:8)
  2 wretched stars (Abyss:1)
  2 ice devils (IceCv)
  An unseen horror (D:13)
  A phantasmal warrior (D:13)
  7 orc knights
  2 hill giants
  A necromancer (IceCv)
  A flayed ghost (Abyss:1)
  A cyclops (D:13)
  A sixfirhy (Abyss:1)
  6 ugly things
  A fire giant zombie (Abyss:1)
  2 griffons
  6 orc sorcerers
  3 worldbinders (Abyss:1)
  3 black mambas
  Maurice (D:9)
  Joseph (D:7)
  3 smoke demons (Abyss:1)
  3 elephants (Lair:8)
  2 ice statues (IceCv)
  11 komodo dragons
  8 spiny frogs
  A gargoyle (D:9)
  A kobold demonologist (Abyss:1)
  2 fire drakes
  2 ancient zymes (Abyss:1)
  9 blue devils (IceCv)
  A freezing wraith (Abyss:1)
  A polar bear (Lair:4)
  3 two-headed ogres
  5 trolls
  15 blink frogs
  2 raiju (Abyss:1)
  A wyvern (D:13)
  Sigmund (D:2)
  A flying skull (Abyss:1)
  2 ynoxinuls (Abyss:1)
  50 yaks
  5 basilisks
  A trapdoor spider (D:10)
  2 wraiths (Abyss:1)
  3 deep elf magi
  2 fire bats (Abyss:1)
  A neqoxec (Abyss:1)
  A steam dragon (D:7)
  3 vampire mosquitoes (D:13)
  A chaos spawn (Abyss:1)
  5 wolves
  2 mottled dragons (D:12)
  6 wargs
  7 hippogriffs
  3 nagas (Lair:5)
  2 hungry ghosts
  The ghost of Runnr the Covered, an amateur GrFi of Makhleb (D:3)
  A human (D:7)
  6 swamp worms (Lair:7)
  30 orc warriors
  14 water moccasins
  3 swamp drakes (Lair:7)
  2 phantoms (D:9)
  An eye of draining (D:10)
  7 centaurs
  12 porcupines
  2 ice beasts
  3 necrophages
  A black bear (D:12)
  8 ogres
  13 crocodiles
  2 large abominations (Abyss:1)
  2 brain worms
  15 giant frogs
  A wyvern zombie (D:8)
  A wyvern skeleton (D:13)
  2 scorpions
  2 water moccasin skeletons
  8 small abominations (Abyss:1)
  2 wights (Abyss:1)
  9 killer bees
  4 centaur zombies
  A draconian simulacrum (IceCv)
  2 quasits (Abyss:1)
  9 crimson imps
  3 jellies
  5 starcursed masses (Abyss:1)
  4 centaur skeletons
  2 electric eels (Lair:4)
  A giant frog skeleton (D:9)
  Crazy Yiuf (D:5)
  Ijyb (D:2)
  8 hounds
  22 orc wizards
  18 orc priests
  Terence (D:2)
  A spriggan simulacrum (IceCv)
  9 iguanas
  12 worker ants
  2 troll simulacra (IceCv)
  16 sheep
  2 centaur simulacra (IceCv)
  5 hound skeletons
  3 naga simulacra (IceCv)
  Robin (D:3)
  11 adders
  4 gnolls
  An ogre simulacrum (IceCv)
  12 white imps (Lair:3)
  61 river rats
  2 shadow imps
  4 ufetubi (Abyss:1)
  An adder zombie (D:9)
  5 oozes
  3 adder skeletons
  4 worms
  8 giant geckos
  156 orcs
  6 ball pythons
  19 bats
  7 giant cockroaches
  24 goblins
  14 hobgoblins
  28 jackals
  6 quokkas
  A ball python skeleton (D:4)
  A giant gecko skeleton (D:4)
  3 giant newts
  16 kobolds
  A quokka skeleton (D:4)
  15 rats
  A bush (Lair:6)
  A fire vortex (Abyss:1)
941 creatures vanquished.

Vanquished Creatures (others)
  An ancient zyme (Abyss:1)
  5 flying skulls (Abyss:1)
  A jelly (D:8)
  2 orcs
  A rat (D:3)
  2 fire vortices (Abyss:1)
  12 fungi
  22 plants
  8 starspawn tentacles (Abyss:1)
  22 starspawn tentacle segments (Abyss:1)
76 creatures vanquished.

Grand Total: 1017 creatures vanquished

Notes
Turn   | Place    | Note
--------------------------------------------------------------
     0 | D:1      | Runnr the Gargoyle Fighter began the quest for the Orb.
     0 | D:1      | Reached XP level 1. HP: 14/14 MP: 1/1
    38 | D:1      | Reached XP level 2. HP: 16/19 MP: 2/2
   377 | D:1      | Reached XP level 3. HP: 19/23 MP: 3/3
   923 | D:2      | Reached XP level 4. HP: 26/29 MP: 4/4
   924 | D:2      | Noticed Terence
   935 | D:2      | Killed Terence
   935 | D:2      | Reached skill level 4 in Fighting
  1173 | D:2      | Noticed Sigmund
  1414 | D:2      | Killed Sigmund
  1414 | D:2      | Reached XP level 5. HP: 4/34 MP: 5/5
  1414 | D:2      | Reached XP level 6. HP: 4/39 MP: 6/6
  2090 | D:2      | Noticed Ijyb
  2116 | D:2      | Killed Ijyb
  2281 | D:3      | Reached skill level 5 in Shields
  2340 | D:3      | Found a shadowy altar of Dithmenos.
  2394 | D:3      | Noticed Runnr's ghost (amateur GrFi)
  2581 | D:3      | Killed Runnr's ghost
  2581 | D:3      | Reached skill level 5 in Fighting
  2581 | D:3      | Reached skill level 5 in Armour
  2581 | D:3      | Reached skill level 1 in Evocations
  2581 | D:3      | Reached XP level 7. HP: 28/44 MP: 7/7
  2794 | D:3      | Noticed Robin
  2867 | D:3      | Killed Robin
  3289 | D:3      | Found a radiant altar of Vehumet.
  3708 | D:4      | Found a glowing silver altar of Zin.
  3938 | D:4      | Found Tkhlobor's Tempting Trifles.
  4525 | D:5      | Entered Level 5 of the Dungeon
  4536 | D:4      | Reached XP level 8. HP: 25/50 MP: 9/9
  4835 | D:5      | Noticed Crazy Yiuf
  4843 | D:5      | Killed Crazy Yiuf
  4962 | D:5      | Reached skill level 6 in Shields
  5230 | D:5      | Found a staircase to the Ecumenical Temple.
  5235 | Temple   | Entered the Ecumenical Temple
  5330 | D:5      | Found a basalt altar of Yredelemnul.
  5837 | D:6      | HP: 1/51 [orc priest/divine providence (13)]
  5855 | D:6      | Found a glowing drain.
  5864 | D:6      | Reached skill level 5 in Axes
  5876 | Sewer    | Entered a sewer
  6338 | D:6      | Found a burning altar of Makhleb.
  6346 | D:6      | Became a worshipper of Makhleb the Destroyer
  6432 | D:6      | Got an ancient spear
  6435 | D:6      | Identified the +2 spear of the Snake Pit {pierce, Dex+3} (You found it on level 6 of the Dungeon)
  6732 | D:7      | Reached XP level 9. HP: 51/56 MP: 10/10
  6770 | D:7      | Reached skill level 7 in Shields
  6827 | D:7      | Found an ancient bone altar of Kikubaaqudgha.
  7032 | D:7      | Found an ancient bone altar of Kikubaaqudgha.
  7180 | D:7      | Noticed Joseph
  7197 | D:7      | Killed Joseph
  7360 | D:7      | Reached * piety under Makhleb
  7770 | D:8      | Noticed Erolcha
  7777 | D:8      | Killed Erolcha
  7777 | D:8      | Reached skill level 8 in Fighting
  7777 | D:8      | Reached XP level 10. HP: 61/64 MP: 11/11
  7956 | D:8      | Found an opulent altar of Gozag.
  7997 | D:8      | Found a stormy altar of Qazlal.
  8065 | D:8      | Found a sparkling altar of Nemelex Xobeh.
  8066 | D:8      | Found a deep blue altar of Sif Muna.
  8280 | D:9      | Found Ryzyphuy's Jewellery Emporium.
  8303 | D:9      | Bought a cursed ring of teleportation for 188 gold pieces
  8307 | D:9      | Found an iron altar of Okawaru.
  8581 | D:9      | Noticed Maurice
  8724 | D:9      | Killed Maurice
  8727 | D:9      | Reached skill level 9 in Shields
  8776 | D:9      | Reached ** piety under Makhleb
  8820 | D:9      | Got an ichor-stained mace
  8846 | D:9      | Identified the +10 mace "Risitano" {crush, rF+ Dex+7} (You found it on level 9 of the Dungeon)
  8882 | D:9      | Found a staircase to the Lair.
  8964 | D:9      | Reached skill level 1 in Maces & Flails
  9143 | D:9      | Found a sparkling altar of Nemelex Xobeh.
  9160 | D:9      | Reached XP level 11. HP: 71/71 MP: 12/12
  9233 | D:9      | Found Coidiffe's Armour Shoppe.
  9233 | D:9      | Found a staircase to the Orcish Mines.
  9233 | D:9      | Found Ataiv's Weapon Shoppe.
  9541 | D:10     | Entered Level 10 of the Dungeon
  9558 | D:10     | Noticed a hill giant
  9592 | Lair:1   | Entered Level 1 of the Lair of Beasts
  9694 | Lair:1   | Reached *** piety under Makhleb
  9702 | Lair:1   | Reached skill level 10 in Shields
  9971 | Lair:1   | Reached skill level 1 in Invocations
 10876 | Lair:2   | Reached **** piety under Makhleb
 10975 | Lair:2   | Noticed a fire dragon
 10989 | Lair:2   | Killed a fire dragon
 10989 | Lair:2   | Reached skill level 5 in Maces & Flails
 11031 | Lair:2   | Got a translucent demon blade
 11036 | Lair:2   | Identified the +7 demon blade "Sorelac" {freeze, +Blink rC+ MP+9} (You found it on level 2 of the Lair of Beasts)
 11206 | Lair:2   | Got a blackened hunting sling
 11207 | Lair:2   | Identified the cursed +0 hunting sling "Bapyq" {flame, Int+4 Stlth+} (You found it on level 2 of the Lair of Beasts)
 11311 | Lair:3   | Reached skill level 5 in Invocations
 11409 | Lair:3   | Reached XP level 12. HP: 70/77 MP: 16/16
 11622 | Lair:3   | Noticed Nergalle
 11633 | Lair:3   | Killed Nergalle
 11650 | Lair:3   | Found a frozen archway.
 11654 | Lair:3   | Reached ***** piety under Makhleb
 11680 | IceCv    | Entered an ice cave
 13712 | Lair:4   | Gained mutation: Your flesh is heat resistant. [potion of beneficial mutation]
 13713 | Lair:4   | Gained mutation: You have a pair of small antennae on your head. [potion of beneficial mutation]
 13806 | Lair:4   | Found a staircase to the Shoals.
 14453 | Lair:5   | Noticed a five-headed hydra
 14970 | Lair:5   | Found a staircase to the Snake Pit.
 14984 | Lair:5   | Reached skill level 10 in Invocations
 15056 | Lair:5   | Reached XP level 13. HP: 81/81 MP: 20/20
 15088 | Lair:5   | Reached skill level 10 in Maces & Flails
 15140 | Lair:5   | Killed a five-headed hydra
 15767 | Lair:6   | Found a glowing silver altar of Zin.
 15813 | Lair:6   | Reached ****** piety under Makhleb
 15902 | Lair:6   | Reached skill level 10 in Fighting
 16785 | Lair:7   | Reached skill level 10 in Armour
 16983 | Lair:7   | Reached skill level 11 in Maces & Flails
 17180 | Lair:7   | Got a pitted turquoise ring
 17183 | Lair:7   | Identified the ring "Yzoyr" {*Drain Int+6 SInv} (You found it on level 7 of the Lair of Beasts)
 17498 | Lair:8   | Entered Level 8 of the Lair of Beasts
 17524 | Lair:8   | Found a runed door.
 17524 | Lair:8   | Found a viscous altar of Jiyva.
 17524 | Lair:8   | Found a staircase to the Slime Pits.
 17909 | Lair:7   | Gained mutation: Your large and strong wings let you fly indefinitely. [Gargoyle growth]
 17909 | Lair:7   | Reached XP level 14. HP: 88/88 MP: 22/22
 19069 | Orc:1    | Entered Level 1 of the Orcish Mines
 19227 | Orc:2    | Noticed Sonja
 19253 | Orc:2    | Killed Sonja
 19364 | Orc:3    | Found a burning altar of Makhleb.
 19364 | Orc:3    | Found a staircase to the Elven Halls.
 19396 | Orc:2    | Reached skill level 12 in Maces & Flails
 19605 | Orc:2    | Noticed Harold
 19628 | Orc:2    | Killed Harold
 20114 | Orc:1    | Found a roughly hewn altar of Beogh.
 20131 | Orc:1    | Found Sefruluh's Gadget Boutique.
 20293 | Orc:1    | Found a roughly hewn altar of Beogh.
 20353 | Orc:2    | Found a roughly hewn altar of Beogh.
 20451 | Orc:4    | Entered Level 4 of the Orcish Mines
 20615 | Orc:4    | Found Foelir's Gadget Shop.
 20669 | Orc:4    | Found a roughly hewn altar of Beogh.
 20818 | Orc:4    | Found Naghokho's General Store.
 20820 | Orc:4    | Paralysed by an orc sorcerer for 2 turns
 21474 | Orc:4    | Found Vyocem's Armour Emporium.
 21479 | Orc:4    | Found Zyema's Antique Armour Emporium.
 21484 | Orc:4    | Bought a pair of runed boots for 103 gold pieces
 21484 | Orc:4    | Bought a runed cloak for 103 gold pieces
 21504 | Orc:4    | Found Finis's Weapon Shop.
 21571 | Orc:4    | Bought a potion of heal wounds for 75 gold pieces
 21571 | Orc:4    | Bought a bread ration for 75 gold pieces
 21726 | Orc:3    | Reached skill level 13 in Maces & Flails
 22226 | D:10     | Noticed a hill giant
 22244 | D:10     | Killed a hill giant
 22310 | D:10     | You fall through a shaft for 3 floors!
 22377 | D:13     | Noticed Snorg
 22388 | D:13     | Killed Snorg
 22388 | D:13     | Reached XP level 15. HP: 95/95 MP: 23/23
 22597 | D:13     | Reached skill level 1 in Dodging
 22869 | D:13     | Found a gate to the Vaults.
 23282 | D:12     | Learned a level 2 spell: Repel Missiles
 23299 | D:12     | Learned a level 2 spell: Swiftness
 23507 | D:12     | Noticed Gastronok
 23520 | D:12     | Killed Gastronok
 23563 | D:12     | Noticed Fannar
 23599 | D:12     | Killed Fannar
 23932 | D:13     | Cast into the Abyss (an ogre mage)
 24028 | Abyss:1  | Found a shattered altar of Ashenzari.
 24071 | Abyss:1  | Noticed a lich
 24110 | Abyss:1  | Noticed a tentacled monstrosity
 24112 | Abyss:1  | Noticed an Ice Fiend
 24113 | Abyss:1  | Gained mutation: Armour fits poorly on your strangely shaped body. [a cacodemon]
 24114 | Abyss:1  | Gained mutation: You are frail (-10% HP). [a cacodemon]
 24134 | Abyss:1  | Found a corrupted altar of Lugonu.
 24595 | Abyss:1  | Noticed a tentacled starspawn
 24639 | Abyss:1  | Killed a tentacled starspawn
 24937 | Abyss:1  | Noticed a lich
 24938 | Abyss:1  | Noticed a Hell Sentinel
 25039 | Abyss:1  | Reached XP level 16. HP: 92/92 MP: 21/21
 25114 | Abyss:1  | Mangled by a large abomination

Action                   |  1- 3 |  4- 6 |  7- 9 | 10-12 | 13-15 | 16-18 || total
-------------------------+-------+-------+-------+-------+-------+-------++-------
Melee: War axe           |   122 |   237 |   516 |   161 |       |       ||  1036
       Mace              |       |       |       |   719 |  1951 |    46 ||  2716
 Abil: Evoke Berserk Rag |       |     1 |     7 |     5 |     7 |       ||    20
       Evoke Teleportati |       |       |       |       |     3 |     1 ||     4
Evoke: Wand              |       |       |       |       |     1 |       ||     1
  Use: Potion            |       |     1 |     2 |     2 |     7 |     3 ||    15
       Scroll            |       |       |    10 |     9 |    12 |       ||    31
 Stab: Sleeping          |       |       |       |       |     4 |       ||     4
  Eat: Chunk             |       |     6 |    23 |    22 |    28 |       ||    79
       Fruit             |       |       |       |     3 |       |       ||     3
       Royal jelly       |       |       |       |     2 |     2 |     1 ||     5
       Bread ration      |       |       |       |       |     2 |       ||     2
       Beef jerky        |       |       |       |       |     1 |       ||     1
